 Dungeon Crawl Stone Soup version 0.27-a0-1177-g245c70e1c0 (webtiles) character file.

Game seed: 1109676425453183766

35 bilbop the Skirmisher (level 3, -3/36 HPs)
             Began as a Troll Abyssal Knight on May 16, 2021.
             Was a Follower of Lugonu.
             Slain by a gnoll
             ... wielding a +0 spear
              (4 damage)
             ... on level 2 of the Dungeon.
             The game lasted 00:05:43 (911 turns).

bilbop the Skirmisher (Troll Abyssal Knight)         Turns: 911, Time: 00:05:44

Health: -3/36      AC:  5    Str: 20    XL:     3   Next: 16%
Magic:  3/3        EV: 10    Int:  8    God:    Lugonu [*.....]
Gold:   15         SH:  0    Dex: 10    Spells: 2/2 levels left

rFire    . . .     SeeInvis .     - Unarmed
rCold    . . .     Faith    .   (no shield)
rNeg     . . .     Spirit   .   a - +0 robe
rPois    .         Reflect  .   (helmet restricted)
rElec    .         Harm     .   e - +0 cloak
rCorr    .         Rampage  .   (gloves unavailable)
Will     .....                  (boots unavailable)
Stlth    +.........             (no amulet)
HPRegen  1.12/turn              (no ring)
MPRegen  0.08/turn              (no ring)

@: no status effects
A: large, unfitting armour, claws 3, regeneration 1, shaggy fur 1, tough skin 1
a: Renounce Religion, Depart the Abyss


You were on level 2 of the Dungeon.
You worshipped Lugonu.
Lugonu was aware of your devotion.
You visited 1 branch of the dungeon, and saw 2 of its levels.
You visited the Abyss 1 time.

You collected 15 gold pieces.

Inventory:

Missiles
 d - 8 stones
 h - 7 poisoned darts (quivered)
Armour
 a - a +0 robe (worn)
 e - a +0 cloak (worn)
Scrolls
 c - a scroll of identify {unknown}
 i - a scroll of teleportation {unknown}
 k - a scroll of torment {unknown}
Potions
 b - a potion of flight {unknown}
 f - a potion of degeneration {unknown}
 g - a potion of magic {unknown}
 j - a potion of curing {unknown}


   Skills:
 + Level 2.6 Fighting
 + Level 0.6 Throwing
 + Level 2.2 Dodging
 * Level 2.6 Unarmed Combat
 + Level 1.9 Invocations


You had 2 spell levels left.
You didn't know any spells.
Your spell library was empty.

Dungeon Overview and Level Annotations

Branches:
Dungeon (2/15)

Altars:


Innate Abilities, Weirdness & Mutations

You are too large for most types of armour.
You have claws for hands.
Your natural rate of healing is unusually fast.
You are covered in fur. (AC +1)
You have tough skin. (AC +1)


Message History

Your experience leads to an increase in your attributes!
Increase (S)trength, (I)ntelligence, or (D)exterity?
You feel agile.
You feel stronger.
You scratch the gnoll.
The gnoll is lightly wounded.
The gnoll hits you from afar with a +0 spear!
The rat bites you but does no damage. The gnoll hits you with a +0 whip.
You barely miss the gnoll.
The gnoll is lightly wounded.
The gnoll completely misses you. The rat bites you.
The gnoll closely misses you.
You scratch the gnoll.
The gnoll is moderately wounded.
The gnoll misses you. The rat completely misses you.
The gnoll hits you with a +0 whip.
You scratch the gnoll.
The gnoll is heavily wounded.
The gnoll barely misses you. The rat bites you.
The gnoll hits you with a +0 whip.
You are too injured to fight recklessly!
You are too injured to fight recklessly!
You are too injured to fight recklessly!
You are too injured to fight recklessly!
You are too injured to fight recklessly!
You are too injured to fight recklessly!
You are too injured to fight recklessly!
You are too injured to fight recklessly!
You closely miss the rat.
The gnoll hits you from afar with a +0 spear.
The rat misses you. The gnoll hits you with a +0 whip.
You barely miss the rat. The gnoll closely misses you.
The rat closely misses you. The gnoll hits you with a +0 whip!
* * * LOW HITPOINT WARNING * * *
You scratch the rat.
You kill the rat!
Lugonu accepts your kill. The gnoll hits you with a +0 whip!
* * * LOW HITPOINT WARNING * * *
The gnoll hits you from afar with a +0 spear.
You die...

###### ..... #### ....
#... ..# # #.##
####..#####..###.##
#.@gg..............
#####.##).###.....##)##
#...#.# ..# #... #.##
#.#...# .... ... ##...
#...### #...... #....
##.## ##### #.### #.#
##+# #.# #.# ##...##.#
# ###.##### ##.....#.#
#


You could see 2 gnolls.

Vanquished Creatures
  A gnoll (D:2)
  A dart slug (D:1)
  2 bats
  2 endoplasms (D:1)
  A goblin (D:2)
  A hobgoblin (D:2)
  4 jackals (D:1)
  3 quokkas (D:1)
  2 ball pythons (D:1)
  2 frilled lizards (D:1)
  3 rats
22 creatures vanquished.

Notes
Turn   | Place    | Note
-------+----------+-------------------------------------------
     0 | Abyss:1  | bilbop the Troll Abyssal Knight began the quest for the
                  | Orb.
     0 | Abyss:1  | Reached XP level 1. HP: 22/22 MP: 1/1
    94 | Abyss:1  | Noticed a large abomination
   115 | D:1      | Escaped the Abyss
   307 | D:1      | Reached XP level 2. HP: 29/29 MP: 2/2
   323 | D:1      | Reached * piety under Lugonu
   474 | D:1      | Found a faded altar of an unknown god.
   902 | D:2      | Reached XP level 3. HP: 32/36 MP: 3/3
   911 | D:2      | HP: 1/36 [gnoll/+0 whip (7)]
   911 | D:2      | Slain by a gnoll

Illustrated notes

Levels and vault maps discovered:
D:1:      dpeg_arrival_signposts, layout_basic,
          hellmonk_ecumenical_altar_heavens_door, hangedman_abyss_or_decor_stabs
D:2:      layout_loops_corners

Skill      XL: |  1 |
---------------+----+-----
Dodging        | 2 |  2.2
Fighting       | |  2.6
Throwing       | |  0.6
Unarmed Combat | |  2.6
Invocations    | |  1.9

Action                   || total
-------------------------++-------
Melee: Unarmed           ||    61
Invok: Depart the Abyss  ||     1
 Stab: Sleeping          ||     1
Armor: Robe              ||    18
Dodge: Dodged            ||    39

Table legend: (Time is in decaauts)
 A = Elapsed time spent in this place.
 B = Non-inter-level travel time spent in this place.
 C = Inter-level travel time spent in this place.
 D = Time resting spent in this place.
 E = Time spent auto-exploring this place.
 F = Levels seen in this place.
 G = Mean time per level.
                   A        B        C        D        E       F      G
               +--------+--------+--------+--------+--------+-----+--------+
         Total |    908 |    839 |     69 |      0 |    681 |   3 |  302.7 |
       Dungeon |    793 |    724 |     69 |      0 |    593 |   2 |  396.5 |
         Abyss |    115 |    115 |      0 |      0 |     88 |   1 |  115.0 |
               +--------+--------+--------+--------+--------+-----+--------+

Top non-repeatable levels by time:
     D:1: 655 daAuts
     D:2: 137 daAuts
 Abyss:1: 115 daAuts
